 Dungeon Crawl Stone Soup version 0.28.0-45-g0d030f2227 (webtiles) character file.

Game seed: 16349643279850871677

2676 NinjaNoafa the Covered (level 9, -2/78 HPs)
             Began as a Minotaur Fighter on Apr 8, 2022.
             Was a Priest of the Shining One.
             Slain by a troll (11 damage)
             ... on level 7 of the Dungeon on Apr 9, 2022.
             The game lasted 00:22:28 (5701 turns).

NinjaNoafa the Covered (Minotaur Fighter)           Turns: 5701, Time: 00:22:28

Health: -2/78      AC: 10    Str: 24    XL:     9   Next: 37%
Magic:  4/13       EV:  9    Int: 11    God:    the Shining One [***...]
Gold:   303        SH:  9    Dex: 17    Spells: 8/8 levels left

rFire   . . .      SeeInvis .   j - +2 whip (elec)
rCold   . . .      Faith    .   c - +3 buckler
rNeg    + . .      Spirit   .   b - +0 scale mail
rPois   .          Reflect  .   (helmet restricted)
rElec   .          Harm     .   m - +0 cloak
rCorr   .          Rampage  .   (no gloves)
Will    .....                   p - +0 pair of boots
Stlth   ..........              (no amulet)
HPRegen 0.23/turn               s - +6 ring of dexterity
MPRegen 0.13/turn               w - +6 ring of intelligence

@: glowing
A: horns 2, retaliatory headbutt, hooves 1, high MP 1, MP-powered wands
a: Renounce Religion, Divine Shield, Cleansing Flame


You were on level 7 of the Dungeon.
You worshipped the Shining One.
The Shining One was most pleased with you.
You visited 1 branch of the dungeon, and saw 7 of its levels.

You collected 303 gold pieces.

Inventory:

Hand Weapons
 j - a +2 whip of electrocution (weapon)
 k - a +2 short sword of freezing
 q - a +0 spear of flaming
 x - a +2 flail of holy wrath
Missiles
 e - 202 stones (quivered)
 g - 99 arrows
Armour
 b - a +0 scale mail (worn)
 c - a +3 buckler (worn)
 m - a +0 cloak (worn)
 p - a +0 pair of boots (worn)
Jewellery
 s - a +6 ring of dexterity (left hand)
 w - a +6 ring of intelligence (right hand)
Wands
 a - a wand of paralysis (10)
 f - a wand of flame (3)
 o - a wand of polymorph (1)
 t - a wand of iceblast (3)
Scrolls
 r - 2 scrolls of vulnerability
Potions
 l - 2 potions of brilliance


   Skills:
 + Level 6.7 Fighting
 - Level 5.1 Short Blades
 * Level 5.9 Maces & Flails
 - Level 4.0 Throwing
 + Level 6.7 Armour
 + Level 6.7 Shields
 + Level 5.7 Invocations


You had 8 spell levels left.
You didn't know any spells.
Your spell library was empty.

Dungeon Overview and Level Annotations

Branches:
Dungeon (7/15)
 Temple: D:4-7

Altars:
Vehumet
Wu Jian
The Shining One

Shops:
D:6 (

Annotations:
D:3 Grinder


Innate Abilities, Weirdness & Mutations

You have a pair of horns on your head.
You reflexively headbutt those who attack you in melee.
You have large cloven feet.
You have an increased reservoir of magic. (+10% MP)
You expend magic power (3 MP) to strengthen your wands.


Message History

The fiery explosion engulfs the centaur skeleton!!!
You destroy the centaur skeleton!
The Shining One accepts your kill.
You can now channel blasts of cleansing flame.
You feel better.
You start resting.
A centaur comes into view. It is carrying a wand of mindburst (4).
The centaur wields a +0 shortbow of freezing.
It is covered in frost.
The centaur shoots an arrow.
You block the arrow.
The centaur zaps a wand.
Your mind is blasted!
* * * LOW HITPOINT WARNING * * *
The centaur shoots an arrow.
You block the arrow.
Okay, then.
The centaur shoots an arrow.
You block the arrow.
The centaur shoots an arrow.
The arrow hits you but does no damage.
The centaur zaps a wand.
You struggle to resist.
There is an escape hatch in the floor here.
The centaur shoots an arrow.
You block the arrow.
The centaur shoots an arrow.
The arrow hits you.
* * * LOW HITPOINT WARNING * * *
The arrow freezes you.
* * * LOW HITPOINT WARNING * * *
You slide downwards.
The hatch slams shut behind you.
The orc shouts! x4; You hear a croak.
You hear a shout!
Found a murky yellow potion.
Found a stone staircase leading up.
Okay, then.
Okay, then.
The sky beast flickers out of sight for a moment.
You block the troll's attack. x2; The troll closely misses you.
You block the sky beast's attack. You block the troll's attack. x2
The troll closely misses you.
Found a shiny bronze wand.
You block the sky beast's attack.
Found 2 scrolls of vulnerability.
The orc misses you. You furiously retaliate!
You headbutt the orc, but do no damage.
Found a stone staircase leading down.
The orc barely misses you.
A sky beast appears from thin air!
You see here a wand of paralysis (10).
a - a wand of paralysis (10)
The troll bites you!
You die...

8## #........##
..8##..........
#
...##........##.
..>#..........
.##........#
#......?.#
#..Yooo..#
######.o..T@..#
#.....oo#######
#.......#
#.......#
###.......#
#.........#
#.!..#.......#
.............#
#.##.#.......#


You could see a troll, a sky beast and 6 orcs.

Vanquished Creatures
  Eustachio (D:5)
  A wyvern (D:6)
  A fire bat (D:5)
  6 yaks (D:6)
  Edmund (D:5)
  An ogre (D:4)
  2 centaurs
  A necrophage (D:5)
  4 scorpions
  A water moccasin skeleton (D:5)
  A wyvern skeleton (D:5)
  A howler monkey (D:4)
  A gnoll shaman (D:6)
  A centaur skeleton (D:6)
  2 jellies (D:5)
  A bullfrog skeleton (D:5)
  A hound (D:5)
  Natasha (thrice) (D:2)
  3 iguanas (D:5)
  Ijyb (D:5)
  5 gnolls (D:6)
  A howler monkey skeleton (D:5)
  5 adders
  2 white imps
  2 worms (D:4)
  3 dart slugs
  6 orcs
  11 ball pythons
  4 bats
  7 endoplasms
  4 giant cockroaches
  8 goblins
  5 hobgoblins
  6 jackals (D:4)
  7 kobolds
  6 quokkas
  2 frilled lizards
  5 rats
123 creatures vanquished.

Notes
Turn   | Place    | Note
-------+----------+-------------------------------------------
     0 | D:1      | NinjaNoafa the Minotaur Fighter began the quest for the
                  | Orb.
     0 | D:1      | Reached XP level 1. HP: 19/19 MP: 0/0
   264 | D:1      | Reached XP level 2. HP: 21/27 MP: 1/1
   593 | D:1      | Noticed a golden eye
   619 | D:1      | Noticed a floating eye
   620 | D:1      | Found a faded altar of an unknown god.
   628 | D:1      | Noticed a golden eye
   629 | D:1      | Noticed a golden eye
   636 | D:1      | Prayed at the altar of an unknown god.
   636 | D:1      | Became a worshipper of the Shining One
   636 | D:1      | Reached * piety under the Shining One
   822 | D:1      | Reached XP level 3. HP: 33/33 MP: 2/2
   835 | D:1      | Reached skill level 1 in Throwing
  1291 | D:2      | Reached skill level 1 in Invocations
  1351 | D:2      | Noticed Natasha
  1358 | D:2      | Killed Natasha
  1359 | D:2      | Reached skill level 1 in Short Blades
  1359 | D:2      | Reached XP level 4. HP: 40/40 MP: 2/4
  1420 | D:2      | Found a radiant altar of Vehumet.
  1449 | D:2      | Noticed Natasha
  1457 | D:2      | Killed Natasha
  1476 | D:2      | Noticed Natasha
  1482 | D:2      | Killed Natasha
  1483 | D:2      | Reached XP level 5. HP: 33/46 MP: 5/5
  1885 | D:3      | Reached ** piety under the Shining One
  1913 | D:3      | Noticed a centaur
  1930 | D:3      | Killed a centaur
  1931 | D:3      | Reached XP level 6. HP: 35/52 MP: 5/7
  2253 | D:3      | Noticed Grinder
  2693 | D:3      | Found an ornate altar of the Wu Jian Council.
  3319 | D:5      | Entered Level 5 of the Dungeon
  3333 | D:5      | Reached XP level 7. HP: 55/59 MP: 8/8
  3593 | D:5      | Noticed Pikel
  3596 | D:5      | Gained mutation: You occasionally shout uncontrollably at
                  | your foes. [potion of mutation]
  3596 | D:5      | Gained mutation: You are frail. (-10% HP) [potion of
                  | mutation]
  3597 | D:5      | Lost mutation: You are frail. (-10% HP) [potion of
                  | mutation]
  3597 | D:5      | Lost mutation: You occasionally shout uncontrollably at
                  | your foes. [potion of mutation]
  3597 | D:5      | Gained mutation: You have large cloven feet. [potion of
                  | mutation]
  3597 | D:5      | Gained mutation: You have hoof-like feet. [potion of
                  | mutation]
  3597 | D:5      | Gained mutation: Your system is resistant to poisons.
                  | (rPois) [potion of mutation]
  3597 | D:5      | Gained mutation: You expend magic power (3 MP) to
                  | strengthen your wands. [potion of mutation]
  3603 | D:5      | Noticed Pikel
  3603 | D:5      | Pikel changed into Pikel the fire bat
  3606 | D:5      | Killed Pikel the fire bat
  3755 | D:5      | Noticed Eustachio
  3778 | D:5      | Killed Eustachio
  3784 | D:5      | Noticed Ijyb
  3809 | D:5      | Reached XP level 8. HP: 35/67 MP: 7/10
  3819 | D:5      | Killed Ijyb
  3820 | D:5      | Reached skill level 5 in Armour
  4325 | D:5      | Reached skill level 5 in Fighting
  4325 | D:5      | Reached skill level 5 in Shields
  4673 | D:5      | Noticed Edmund
  4684 | D:5      | Reached skill level 5 in Short Blades
  4699 | D:5      | Killed Edmund
  4700 | D:5      | Reached skill level 5 in Invocations
  5193 | D:6      | Found Etziub's Antique Weapon Shoppe.
  5204 | D:6      | Lost mutation: Your system is resistant to poisons. (rPois)
                  | [potion of mutation]
  5204 | D:6      | Lost mutation: You have hoof-like feet. [potion of
                  | mutation]
  5204 | D:6      | Gained mutation: You have an increased reservoir of magic.
                  | (+10% MP) [potion of mutation]
  5648 | D:6      | Reached skill level 5 in Maces & Flails
  5648 | D:6      | Reached XP level 9. HP: 18/78 MP: 1/13
  5667 | D:6      | Reached *** piety under the Shining One
  5687 | D:7      | Noticed a troll
  5701 | D:7      | Slain by a troll

Illustrated notes

Levels and vault maps discovered:
D:1:      nzn_arrival_water_spiral, layout_basic,
          hellmonk_ecumenical_altar_watching_god
D:2:      layout_basic, basic_altar, uniq_natasha
D:3:      layout_basic, lemuel_doored_altar, minmay_surrounded, uniq_grinder
D:4:      layout_basic, kennysheep_donut, kennysheep_generic_room_15
D:5:      layout_layer_cave, uniq_edmund, uniq_pikel, uniq_eustachio, uniq_ijyb
D:6:      layout_basic, serial_shops, nicolae_stop_n_shop_2,
          gammafunk_ghost_grave, fountainhead, kennysheep_generic_room_13
D:7:      layout_rooms, nicolae_overflow_hidden_temple, lemuel_temple_firewalk_b

Skill      XL: |  1  2  3  4  5  6  7  8 |
---------------+-------------------------+-----
Armour         | 4 6 |  6.7
Throwing       | 1 2 3 4 |  4.0
Fighting       | 4 6 |  6.7
Maces & Flails | 3 5 |  5.9
Shields        | 4 6 |  6.7
Invocations    | 1 2 3 4 5 |  5.7
Short Blades   | 1 2 3 4 5 |  5.1

Action                   |  1- 3 |  4- 6 |  7- 9 || total
-------------------------+-------+-------+-------++-------
Melee: Flail             |    27 |       |    14 ||    41
       Headbutt          |    11 |    28 |    25 ||    64
       Short sword       |    36 |   111 |   104 ||   251
       Spear             |       |     1 |       ||     1
       Whip              |       |       |     3 ||     3
Throw: Stone             |    22 |    20 |    25 ||    67
Invok: Divine Shield     |       |       |     1 ||     1
Evoke: Wand              |       |       |    15 ||    15
  Use: Potion            |       |     4 |     6 ||    10
       Scroll            |       |    11 |     9 ||    20
Armor: Scale mail        |    30 |    47 |    38 ||   115
       Skin              |       |       |    34 ||    34
Dodge: Dodged            |    25 |    55 |    59 ||   139
Block: Buckler           |    18 |    42 |   126 ||   186
